 Dungeon Crawl Stone Soup version 0.31.0-12-g77e489cdc1 (webtiles) character file.

Game seed: 6151252449226733569

2912 sking99 the Cleaver (level 9, -4/79 HPs)
             Began as a Hill Orc Fighter on Feb 23, 2024.
             Was a Priest of Lugonu.
             Slain by an unseen horror (7 damage)
             ... on level 8 of the Dungeon.
             The game lasted 00:15:49 (7266 turns).

sking99 the Cleaver (Hill Orc Fighter)              Turns: 7266, Time: 00:15:50

Health: -4/79      AC: 10    Str: 21    XL:     9   Next: 78%
Magic:  13/13      EV: 13    Int:  8    God:    Lugonu [***...]
Gold:   213        SH:  5    Dex: 12    Spells: 8/8 levels left

rFire   . . .        a - +0 war axe (spect)
rCold   . . .        c - +0 buckler
rNeg    . . .        w - +0 chain mail
rPois   .            (no helmet)
rElec   .            (no cloak)
rCorr   .            (no gloves)
SInv    .            (no boots)
Will    .....        (no amulet) Stlth
                     u - +5 ring of evasion
HPRegen 0.33/turn    (no ring)
MPRegen 0.13/turn

%: no passive effects
@: no status effects
A: no striking features
a: Renounce Religion, Depart the Abyss, Banish


You were on level 8 of the Dungeon.
You worshipped Lugonu.
Lugonu was most pleased with you.
You visited 2 branches of the dungeon, and saw 9 of its levels.

You collected 246 gold pieces.
You spent 33 gold pieces at shops.

Inventory:

Hand Weapons
 a - a +0 spectral war axe (weapon)
Missiles
 e - 8 curare-tipped darts (quivered)
 B - 8 poisoned darts
Armour
 c - a +0 buckler (worn)
 q - a +1 kite shield
 w - a +0 chain mail (worn)
Jewellery
 g - a ring of ice
 k - an amulet of regeneration
 s - a +4 ring of slaying
 u - a +5 ring of evasion (left hand)
 F - a +4 ring of protection
 H - a ring of ice
Wands
 t - a wand of charming (17)
 I - a wand of polymorph (3)
Scrolls
 d - 2 scrolls of identify
 i - a scroll of fear
 l - 2 scrolls of immolation
 o - a scroll of brand weapon
 r - a scroll of torment {unknown}
 y - a scroll of fog {unknown}
 A - a scroll of poison
 C - a scroll of enchant armour
 D - a scroll of teleportation
 E - a scroll of noise {unknown}
 G - a scroll of revelation
Potions
 b - a potion of berserk rage
 f - 2 potions of brilliance {unknown}
 h - 3 potions of curing
 j - a potion of ambrosia
 m - a potion of lignification
 n - 2 potions of enlightenment {unknown}
 p - a potion of resistance
 v - a potion of attraction {unknown}
 x - a potion of invisibility {unknown}
 z - a potion of mutation {unknown}


   Skills:
 + Level 7.6 Fighting
 * Level 10.7 Axes
 + Level 7.0 Armour
 + Level 6.9 Shields
 + Level 5.3 Invocations


You had 8 spell levels left.
You didn't know any spells.
Your spell library contained the following spells:

 Spells                   Type           Power      Damage    Failure   Level
 Blink                    Tloc           0%         N/A       99%         2
 Call Imp                 Summ           0%         N/A       99%         2
 Lesser Beckoning         Tloc           0%         N/A       99%         2
 Mercury Vapours          Alch/Air       0%         N/A       99%         2
 Momentum Strike          Conj/Tloc      0%         3d8       99%         2
 Static Discharge         Conj/Air       0%         3-3/arc   99%         2
 Sublimation of Blood     Necr           0%         N/A       99%         2
 Call Canine Familiar     Summ           0%         N/A       100%        3
 Mephitic Cloud           Conj/Alch/Air  0%         N/A       100%        3
 Sigil of Binding         Hex            0%         N/A       100%        3
 Airstrike                Air            0%         2d(0-16)  100%        4
 Dimensional Bullseye     Hex/Tloc       0%         N/A       100%        4
 Olgreb's Toxic Radiance  Alch           0%         N/A       100%        4
 Summon Lightning Spire   Summ/Air       0%         N/A       100%        4
 Freezing Cloud           Conj/Ice/Air   0%         6-21      100%        5
 Ozocubu's Refrigeration  Ice            0%         4d7       100%        7
 Summon Hydra             Summ           0%         N/A       100%        7
 Discord                  Hex            0%         N/A       100%        8


Dungeon Overview and Level Annotations

Branches:
Dungeon (8/15)             Temple (1/1) D:5
   Lair: D:8-11

Altars:
Ashenzari
Cheibriados
Elyvilon
Gozag
Hepliaklqana
Kikubaaqudgha
Qazlal
Ru
Sif Muna
Uskayaw
Vehumet
Wu Jian
Xom
Yredelemnul
Zin
The Shining One
Lugonu

Shops:
D:7 ?


Message History

You're too confused to attack without stumbling around!
You're too confused to attack without stumbling around!
You're too confused to attack without stumbling around!
You're too confused to attack without stumbling around!
You bump into the rock wall.
Something hits you.
* * * LOW HITPOINT WARNING * * *
You bump into the rock wall.
Something hits you but does no damage.
You closely miss something. Something hits you but does no damage.
You bump into the rock wall.
Something hits you.
* * * LOW HITPOINT WARNING * * *
You miss something. Something hits you.
* * * LOW HITPOINT WARNING * * *
You bump into the rock wall.
You feel less invigorated.
You feel less confused. Something hits you.
* * * LOW HITPOINT WARNING * * *
You barely miss something. Something hits you but does no damage.
You slash something! Something completely misses you. Something hits you.
* * * LOW HITPOINT WARNING * * *
An orc wizard comes into view. It is wielding a +0 dagger.
The orc wizard shouts!
You hit something but do no damage. Something hits you.
* * * LOW HITPOINT WARNING * * *
You swing at nothing.
Something hits you but does no damage. Something hits you.
* * * LOW HITPOINT WARNING * * *
You barely miss something. Something hits you but does no damage.
You hit something. Something hits you but does no damage.
You swing at nothing.
You hit something. Something hits you!
* * * LOW HITPOINT WARNING * * *
You slash the orc wizard!
The orc wizard is severely wounded.
The orc wizard barely misses you.
You slash the orc wizard!
You kill the orc wizard!
Lugonu accepts your kill. Something hits you!
You die...

####.# #.# #.#
#.# #.# . #.#
...#### #.#
#.....######.#
#....{@.....#
#...#########
#$. ##


There were no monsters in sight!

Vanquished Creatures
  2 water moccasins
  2 sky beasts
  2 ice beasts
  An ogre (D:4)
  A phantom (D:4)
  3 kobold brigands (D:7)
  4 bullfrogs
  5 scorpions
  10 wights
  A bombardier beetle (D:3)
  3 hounds
  An orc priest (D:8)
  3 jellies
  A sleepcap (D:6)
  Jessica (D:3)
  3 iguanas
  3 orc wizards
  6 gnolls
  7 adders
  2 ufetubi (D:6)
  3 dart slugs (D:2)
  18 orcs
  5 endoplasms
  5 giant cockroaches
  6 hobgoblins
  5 jackals
  33 kobolds
  2 quokkas
  6 ball pythons
  6 bats
  2 frilled lizards (D:3)
  A goblin (D:4)
  4 rats
157 creatures vanquished.

Vanquished Creatures (others)
  A white imp (D:8)
1 creature vanquished.

Grand Total: 158 creatures vanquished

Notes
Turn   | Place    | Note
-------+----------+-------------------------------------------
     0 | D:1      | sking99 the Hill Orc Fighter began the quest for the Orb.
     0 | D:1      | Reached XP level 1. HP: 19/19 MP: 1/1
   205 | D:1      | Reached skill level 3 in Axes
   312 | D:1      | Reached XP level 2. HP: 27/27 MP: 2/2
   858 | D:2      | Reached XP level 3. HP: 22/33 MP: 3/3
  1420 | D:3      | Reached skill level 4 in Axes
  1422 | D:3      | Reached XP level 4. HP: 38/40 MP: 4/4
  1758 | D:3      | Noticed a +0 hand axe
  1758 | D:3      | Noticed a +0 hand axe
  1759 | D:3      | Found a hide-covered altar of Uskayaw.
  1987 | D:3      | Identified the +11 falchion "Upufuxeo" {freeze, Dex+4}
  2098 | D:3      | Found a hazy altar of Hepliaklqana.
  2098 | D:3      | Noticed Jessica
  2100 | D:3      | Found a faded altar of an unknown god.
  2103 | D:3      | Killed Jessica
  2104 | D:3      | Reached XP level 5. HP: 41/47 MP: 5/5
  2107 | D:3      | Prayed at the altar of an unknown god.
  2107 | D:3      | Became a worshipper of Lugonu the Unformed
  2107 | D:3      | Reached * piety under Lugonu
  2379 | D:4      | Reached skill level 5 in Axes
  2379 | D:4      | Reached skill level 1 in Invocations
  2399 | D:4      | Reached XP level 6. HP: 31/53 MP: 5/7
  2884 | D:4      | Noticed a water moccasin
  2902 | D:4      | Killed a water moccasin
  2903 | D:4      | Reached skill level 5 in Fighting
  2915 | D:4      | Reached skill level 6 in Axes
  2915 | D:4      | Reached XP level 7. HP: 25/61 MP: 8/8
  3320 | D:4      | Reached skill level 5 in Armour
  3335 | D:4      | Reached ** piety under Lugonu
  3524 | D:4      | Reached skill level 5 in Shields
  3643 | D:5      | Entered Level 5 of the Dungeon
  3709 | D:5      | Reached skill level 7 in Axes
  3784 | D:5      | Found a staircase to the Ecumenical Temple.
  3794 | Temple   | Entered the Ecumenical Temple
  3822 | D:5      | Reached XP level 8. HP: 70/70 MP: 10/10
  4459 | D:6      | Reached skill level 8 in Axes
  4736 | D:6      | Found a snail-covered altar of Cheibriados.
  4739 | D:6      | Found an opulent altar of Gozag.
  4935 | D:6      | Found a glowing silver altar of Zin.
  4992 | D:6      | Reached skill level 9 in Axes
  5481 | D:7      | Reached XP level 9. HP: 78/78 MP: 11/11
  5716 | D:7      | Found a broken altar of Ashenzari.
  5767 | D:7      | Found Homn's Magic Scroll Shop.
  5773 | D:7      | Bought a scroll of teleportation for 33 gold pieces
  6304 | D:7      | Reached *** piety under Lugonu
  6324 | D:7      | Reached skill level 10 in Axes
  6871 | D:8      | Reached skill level 5 in Invocations
  7248 | D:8      | HP: 1/79 [something (5)]
  7264 | D:8      | HP: 3/79 [something (9)]
  7266 | D:8      | Slain by an unseen horror

Illustrated notes

Levels and vault maps discovered:
D:1:      mrwooster_arrival_statue_2, layout_rooms
D:2:      layout_loops_ring
D:3:      minmay_recursive_quarters, layout_loops_corners,
          dancing_weapons_uskayaw, beargit_hepliaklqana_dungeon_heroes,
          kennysheep_boxes
D:4:      minmay_angry_zag, layout_basic
D:5:      layout_loops_cross, minmay_temple_entry_gardened_gates
D:6:      layout_gridville, nicolae_overflow_squiral, zin_statuary
D:7:      kennysheep_kobold_camp, layout_loops_corners,
          mainiacjoe_overflow_small_starburst, serial_glass, glass_columns_b,
          glass_columns_b, serial_shops, shop, minmay_stone_trees_small
D:8:      layout_basic, minmay_bent
Temple:   nicolae_temple_two_arcs

Skill      XL: |  1  2  3  4  5  6  7  8  9 |
---------------+----------------------------+-----
Axes           | 3 4 5 6 7 9 10 | 10.7
Fighting       | 4 5 6 7 |  7.6
Armour         | 4 5 6 7 |  7.0
Shields        | 4 5 6 |  6.9
Invocations    | 1 2 3 5 |  5.3

Action                     |  1- 3 |  4- 6 |  7- 9 || total
---------------------------+-------+-------+-------++-------
  Melee: War axe           |   103 |   100 |   263 ||   466
 Invoke: Banish            |       |       |     2 ||     2
    Use: Potion            |     1 |     1 |     1 ||     3
         Scroll            |       |       |    12 ||    12
   Stab: Distracted        |       |       |     2 ||     2
 Armour: Scale mail        |    76 |    55 |       ||   131
         Chain mail        |       |    21 |   162 ||   183
  Dodge: Dodged            |    49 |    42 |   115 ||   206
  Block: Buckler           |    27 |    20 |    52 ||    99
